AoeStats
← ArkaelS4

Arena

506036471Analyzed
4v4 RM · 21d ago on Sep 12, 2026· 60m 47s· 8 players
Game mode
Random Map
Map size
Large (8 player)
Population
200
Speed
Normal
Resources
Standard
Victory
Conquest
Starting age
Dark Age
Ending age
Imperial Age
RankedLock teamsTeams togetherTeam positionsShared explorationLock speedFull tech treeHidden civsTurbo modeCheats
Victory
Defeat
🇦🇷 Gurjaras · Argentina
1021
+16
🇦🇷 Dravidians · Argentina
990
+18
🇦🇷 Persians · Argentina
982
+18
🇺🇸 Aztecs · United States
959
+19
🇺🇸 Goths · United States
1127
-22
🇺🇸 Turks · United States
1080
-20
🇺🇸 Romans · United States
956
-15
🇺🇸 Bohemians · United States
939
-14
Alessa
11:42 Feudal Age
9:58 Loom
13:43 Double-Bit Axe
16:05 Castle Age
14:01 Horse Collar
16:11 Wheelbarrow
19:49 Gold Mining
24:15 Husbandry
24:53 Bloodlines
26:41 Stone Mining
27:06 Scale Barding Armor
27:53 Forging
28:50 Kamandaran
29:49 Fletching
30:00 Padded Archer Armor
31:56 Chain Barding Armor
33:10 Gold Shaft Mining
33:48 Bow Saw
36:33 Imperial Age
35:11 Leather Archer Armor
35:25 Ballistics
35:12 Heavy Plow
35:38 Bodkin Arrow
35:25 Light Cavalry
36:26 Cavalier
38:28 Chemistry
39:04 Two-Man Saw
38:37 Thumb Ring
37:53 Crossbowman
38:24 Hussar
41:05 Plate Barding Armor
41:06 Iron Casting
41:02 Ring Archer Armor
41:23 Crop Rotation
40:59 Heavy Camel Rider
51:42 Conscription
51:33 Citadels
54:45 Blast Furnace
61:01 Hand Cart
MatiSitoula
3:41 Loom
9:42 Feudal Age
10:41 Double-Bit Axe
16:42 Castle Age
17:59 Bow Saw
20:03 Gold Mining
20:27 Horse Collar
25:15 Redemption
34:10 Imperial Age
33:09 Heavy Plow
32:58 Town Watch
33:40 Husbandry
34:54 Fervor
35:05 Sanctity
35:48 Wheelbarrow
36:01 Ballistics
36:21 Illumination
37:59 Bloodlines
38:07 Scale Barding Armor
39:13 Stone Mining
39:21 Heavy Camel Rider
41:14 Masonry
42:03 Scale Mail Armor
41:54 Fletching
44:02 Chemistry
44:32 Hand Cart
45:21 Conscription
45:51 Elite Shrivamsha Rider
47:30 Crop Rotation
47:36 Architecture
47:08 Bodkin Arrow
47:14 Padded Archer Armor
47:27 Forging
48:34 Chain Barding Armor
49:08 Leather Archer Armor
50:37 Kshatriyas
50:59 Frontier Guards
51:57 Plate Barding Armor
51:52 Siege Elephant
53:16 Light Cavalry
54:37 Chain Mail Armor
56:02 Plate Mail Armor
55:29 Hussar
56:03 Elite Chakram Thrower
59:41 Caravan
61:37 Iron Casting
Luxso
11:30 Feudal Age
15:05 Castle Age
12:53 Double-Bit Axe
14:51 Loom
15:31 Loom
16:22 Wheelbarrow
16:19 Bow Saw
21:15 Horse Collar
24:05 Gold Mining
25:11 Hand Cart
25:10 Heavy Plow
25:43 Fletching
25:54 Padded Archer Armor
30:15 Imperial Age
28:09 Ballistics
27:48 Bodkin Arrow
28:16 Leather Archer Armor
30:47 Thumb Ring
30:47 Elite Elephant Archer
32:15 Ring Archer Armor
32:14 Conscription
33:16 Chemistry
33:03 Bracer
33:18 Medical Corps
34:43 Husbandry
34:48 Siege Elephant
37:27 Forging
37:18 Scale Mail Armor
38:56 Iron Casting
44:56 Elite Urumi Swordsman
46:39 Blast Furnace
45:54 Chain Mail Armor
48:00 Two-Man Saw
49:38 Plate Mail Armor
58:18 Squires
58:04 Gambesons
Vanimal17
10:28 Feudal Age
11:05 Double-Bit Axe
11:15 Horse Collar
19:01 Castle Age
17:03 Gold Mining
17:05 Stone Mining
18:47 Fletching
18:58 Padded Archer Armor
20:11 Heavy Plow
20:47 Bow Saw
23:27 Bodkin Arrow
25:10 Wheelbarrow
24:21 Loom
24:58 Elite Skirmisher
25:04 Elite Skirmisher
33:02 Ballistics
34:57 Hand Cart
38:58 Imperial Age
37:14 Gold Shaft Mining
37:14 Stone Shaft Mining
37:21 Stone Shaft Mining
38:26 Squires
38:06 Man-at-Arms
38:34 Gambesons
40:30 Crop Rotation
39:41 Long Swordsman
40:34 Forging
40:24 Scale Mail Armor
41:59 Two-Handed Swordsman
43:05 Garland Wars
44:21 Iron Casting
44:51 Conscription
44:29 Pikeman
50:05 Champion
52:45 Blast Furnace
52:01 Chain Mail Armor
55:57 Plate Mail Armor
ArkaelS4
11:00 Feudal Age
14:43 Castle Age
13:10 Double-Bit Axe
13:08 Horse Collar
22:05 Wheelbarrow
23:58 Bow Saw
24:54 Hand Cart
25:24 Gold Mining
25:28 Stone Mining
26:46 Stone Shaft Mining
26:40 Heavy Plow
28:32 Forging
28:23 Scale Mail Armor
28:28 Squires
31:49 Imperial Age
29:07 Loom
30:58 Iron Casting
30:30 Scale Barding Armor
30:29 Anarchy
31:14 Chain Mail Armor
31:53 Elite Huskarl
32:40 Perfusion
34:12 Blast Furnace
33:47 Crop Rotation
34:17 Town Watch
35:19 Fletching
35:29 Padded Archer Armor
36:47 Pikeman
44:20 Two-Man Saw
46:29 Masonry
47:20 Chemistry
46:41 Ballistics
46:08 Halberdier
54:47 Man-at-Arms
55:12 Long Swordsman
55:34 Two-Handed Swordsman
56:08 Champion
Nite_Hawk88
10:01 Loom
12:06 Feudal Age
17:02 Castle Age
16:29 Double-Bit Axe
16:32 Horse Collar
22:19 Pikeman
24:07 Squires
26:16 Scale Mail Armor
29:10 Forging
30:20 Chain Mail Armor
31:41 Bow Saw
31:37 Heavy Plow
32:42 Husbandry
36:38 Imperial Age
34:48 Wheelbarrow
35:19 Iron Casting
37:38 Halberdier
40:57 Cavalier
49:22 Plate Mail Armor
DrinkFromMe6969
12:40 Feudal Age
16:41 Castle Age
14:54 Double-Bit Axe
15:21 Horse Collar
15:49 Gold Mining
21:22 Imperial Age
20:08 Bow Saw
27:06 Padded Archer Armor
32:14 Heavy Plow
37:51 Loom
38:45 Wheelbarrow
39:34 Two-Man Saw
41:04 Scale Barding Armor
41:10 Forging
41:04 Husbandry
41:14 Bloodlines
42:06 Chain Barding Armor
42:26 Iron Casting
42:24 Hand Cart
43:03 Conscription
44:06 Plate Barding Armor
44:46 Blast Furnace
50:52 Fletching
51:51 Bodkin Arrow
52:12 Leather Archer Armor
52:17 Thumb Ring
52:38 Parthian Tactics
52:19 Heavy Cavalry Archer
53:58 Bracer
60:42 Ring Archer Armor
Jockoh42
5:37 Loom
10:57 Feudal Age
15:06 Castle Age
13:43 Double-Bit Axe
15:48 Horse Collar
22:16 Pikeman
26:42 Loom
44:45 Bow Saw
48:56 Wheelbarrow
56:58 Hand Cart
Connection lost

Rejoining the realm…

Still unreachable

The connection could not be restored.

Session expired

The server has moved on; the page needs a fresh start.